 Seeded DCSS version 0.30.0-5-g1a98f26d00 (webtiles) character file.

Game seed: 1588139824776770917 (custom seed)

2201 Sanktem7 the Cleaver (level 9, -3/79 HPs)
             Began as a Minotaur Fighter on May 12, 2023.
             Was a Priest of Okawaru.
             Slain by an iguana (7 damage)
             ... on level 6 of the Dungeon.
             The game lasted 00:10:58 (5240 turns).

Sanktem7 the Cleaver (Minotaur Fighter)             Turns: 5240, Time: 00:10:59

Health: -3/79      AC: 17    Str: 24    XL:     9   Next: 12%
Magic:  8/8        EV:  7    Int:  5    God:    Okawaru [***...]
Gold:   171        SH: 10    Dex: 11    Spells: 8/8 levels left

rFire   . . .        b - +4 consecrated labrys {holy, Valiant Fragile Fly SInv}
rCold   . . .        c - +0 buckler
rNeg    + . .        P - +0 plate armour
rPois   .            (helmet restricted)
rElec   .            j - +0 cloak
rCorr   .            (no gloves)
SInv    +            I - +1 pair of boots
Will    .....        f - amulet of reflection Stlth
                     k - ring of positive energy
HPRegen 0.33/turn    p - ring of flight
MPRegen 0.11/turn

%: reflection
@: flying
A: horns 2, retaliatory headbutt
a: Renounce Religion, Heroism


You were on level 6 of the Dungeon.
You worshipped Okawaru.
Okawaru was most pleased with you.
You visited 1 branch of the dungeon, and saw 7 of its levels.
You also visited: Ossuary.

You collected 1107 gold pieces.
You spent 936 gold pieces at shops.


Innate Abilities, Weirdness & Mutations

You have a pair of horns on your head.
You reflexively headbutt those who attack you in melee.


   Skills:
 + Level 7.3 Fighting
 * Level 9.4 Axes
 + Level 1.1 Throwing
 + Level 7.3 Armour
 + Level 7.3 Shields
 + Level 1.1 Invocations


You had 8 spell levels left.
You didn't know any spells.
Your spell library contained the following spells:

 Spells                   Type           Power      Damage    Failure   Level
 Ozocubu's Armour         Ice            0%         N/A       100%        3
 Ozocubu's Refrigeration  Ice            0%         4d7       100%        7

Inventory:

Hand Weapons
 a - a +1 war axe {axe}
 b - the +4 consecrated labrys (weapon) {holy, Valiant Fragile Fly SInv}
   (You bought it in a shop on level 2 of the Dungeon)

   Valiant:   It becomes more powerful as more dangerous foes come into view.
   SInv:      It lets you see invisible.
   Fly:       It grants you flight.
   Fragile:   It will be destroyed if unequipped.
Missiles
 v - 3 boomerangs (quivered) {throwing}
 G - 4 poisoned darts {throwing}
 K - 6 javelins {throwing}
Armour
 c - a +0 buckler (worn)
 j - a +0 cloak (worn)
   (You bought it in a shop on level 5 of the Dungeon)
 I - a +1 pair of boots (worn)
   (You found it on level 5 of the Dungeon)
 P - a +0 plate armour (worn)
   (You found it on level 6 of the Dungeon)
Magical Staves
 q - a staff of death {!astaff}
   (You found it on level 3 of the Dungeon)
Jewellery
 f - an amulet of reflection (around neck)
   (You bought it in a shop on level 5 of the Dungeon)
 k - a ring of positive energy (left hand)
   (You found it on level 3 of the Dungeon)
 p - a ring of flight (right hand)
   (You found it on level 3 of the Dungeon)
Wands
 r - a wand of roots (10)
   (You found it on level 3 of the Dungeon)
 x - a wand of flame (19)
   (You took it off Ijyb on level 4 of the Dungeon)
 O - a wand of digging (2)
   (You found it on level 6 of the Dungeon)
Scrolls
 g - 2 scrolls of vulnerability {!r!r}
 h - a scroll of poison {!r}
 i - 5 scrolls of teleportation {@r4}
 n - a scroll of enchant weapon
 u - a scroll of blinking {!r}
 E - a scroll of noise {!r}
Potions
 d - 3 potions of might
 e - a potion of curing {unknown}
 l - a potion of degeneration {unknown}
 m - a potion of magic {unknown}
 o - 2 potions of berserk rage {unknown}
 s - 2 potions of mutation {!q}
 z - 2 potions of flight
 A - a potion of cancellation {unknown}
 B - a potion of brilliance {unknown}
 D - 2 potions of invisibility
 F - a potion of heal wounds {unknown}
 N - a potion of attraction {unknown}

Dungeon Overview and Level Annotations

Branches:
Dungeon (7/15) Zot: 26985  Temple (0/1) D:4         Ossuary (visited)

Altars:
Elyvilon
Fedhas
Hepliaklqana
Makhleb
Nemelex Xobeh
Okawaru
Qazlal
Ru
Sif Muna
Wu Jian
Xom
Yredelemnul

Shops:
D:2 (   D:4 (   D:5 *[

Annotations:
D:7 Prince Ribbit

....................##'####...###
....................#............
....................#............
....................#............
....................#............
....................########..###
##'########'####.....#...###..###
#..............#ll...#...........
...............+@....#...........
...............#.g...#...........
.....................#....##.####
#...##...##....<#######+####.####
######...######## #............
.........'......# #...<........
.........#......# #............
.........#......# #............
################# #############


You could see 2 iguanas and a gnoll.


Message History

You kill the killer bee!
Okawaru accepts your kill.
Okawaru will now gift you throwing weapons as you gain piety.
You miss the killer bee. You slash the ogre! You slash the gnoll!
You kill the gnoll!
Okawaru accepts your kill.
You slash the killer bee!
You kill the killer bee!
Okawaru accepts your kill.
You feel sick. You block the killer bee's attack.
The killer bee stings you but does no damage.
The gnoll hits you from afar with a +0 spear.
The gnoll sergeant hits you from afar with a +0 trident of flaming!
The gnoll sergeant burns you.
The gnoll hits you but does no damage. x2
The ogre barely misses you. You block the killer bee's attack.
The killer bee barely misses you. You furiously retaliate!
You headbutt the killer bee!
You have reached level 9!
Your experience leads to an increase in your attributes!
Increase (S)trength, (I)ntelligence, or (D)exterity?
You feel stronger. x2 😮 HP[-13] MP[+1]
You now have 79 max hp (+6).
You take 13 damage, and now have 47/79 hp.
Your mp is fully restored (8).
You slash the ogre! You slash the killer bee! You miss the killer bee.
You feel sick. You block the killer bee's attack.
The killer bee stings you but does no damage.
The gnoll closely misses you. You block the gnoll sergeant's attack.
The gnoll hits you but does no damage. The gnoll closely misses you.
The killer bee barely misses you.
The killer bee stings you but does no damage.
You block the ogre's attack. 😮 HP[-1]
You take 1 damage, and now have 46/79 hp.
You barely miss the ogre. You hit the killer bee.
You kill the killer bee!
Okawaru accepts your kill.
You slice the killer bee!!
You kill the killer bee!
Okawaru accepts your kill.
You feel sick. The gnoll barely misses you. You block the gnoll's attack.
The gnoll barely misses you.
The gnoll sergeant hits you from afar with a +0 trident of flaming!
* * * LOW HITPOINT WARNING * * *
The gnoll sergeant burns you.
* * * LOW HITPOINT WARNING * * *
Your Throwing skill increases to level 1!
Your Invocations skill increases to level 1! 😨 HP[-12]
You take 12 damage, and now have 34/79 hp.
You feel sick. The iguana bites you.
* * * LOW HITPOINT WARNING * * *
The iguana bites you.
* * * LOW HITPOINT WARNING * * *
You see here a killer bee corpse. 😨 HP[-10]
You take 10 damage, and now have 24/79 hp.
You slice the ogre!!
You kill the ogre!
Okawaru accepts your kill.
You slash the iguana! x2; You feel sick.
You are no longer poisoned.
You block the iguana's attack. You block the gnoll's attack.
The gnoll hits you but does no damage. x2
The gnoll sergeant hits you from afar with a +0 trident of flaming.
* * * LOW HITPOINT WARNING * * *
The gnoll sergeant burns you.
* * * LOW HITPOINT WARNING * * *
The iguana bites you!
* * * LOW HITPOINT WARNING * * *
Prince Ribbit blinks! 😱 HP[-16]
You take 16 damage, and now have 8/79 hp.
MASSIVE DAMAGE!! (PAUSE)
The iguana attacks as you move away! You block the iguana's attack. x2
The gnoll hits you but does no damage. x2
The gnoll hits you from afar with a +0 spear.
* * * LOW HITPOINT WARNING * * *
The gnoll sergeant barely misses you.
There is a stone staircase leading up here.
Things that are here:
a +0 giant spiked club {mace}; an ogre corpse 😱 HP[-2]
You take 2 damage, and now have 6/79 hp.
The iguana bites you but does no damage.
You block the gnoll's attack. x3; You block the gnoll sergeant's attack.
The iguana bites you but does no damage.
You fly upwards.
There is a stone staircase leading down here. 😱 HP[+1]
You barely miss the iguana. You closely miss the gnoll.
You barely miss the iguana. The gnoll closely misses you.
You furiously retaliate!
You headbutt the gnoll. The iguana barely misses you.
The iguana bites you but does no damage.
The gnoll hits you with a +0 halberd.
* * * LOW HITPOINT WARNING * * *
The iguana barely misses you. You furiously retaliate!
You headbutt the iguana. The iguana bites you!
You die...

Skill      XL: |  1  2  3  4  5  6  7  8  9 |
---------------+----------------------------+-----
Axes           | 3 4 5 6 7 9 |  9.4
Fighting       | 4 5 6 7 |  7.3
Shields        | 4 5 6 7 |  7.3
Armour         | 4 5 6 7 |  7.3
Throwing       | 1 |  1.1
Invocations    | 1 |  1.1

Action                     |  1- 3 |  4- 6 |  7- 9 || total
---------------------------+-------+-------+-------++-------
  Melee: War axe           |    91 |    70 |   193 ||   354
         Headbutt          |    11 |    15 |    44 ||    70
         Labrys            |       |       |     7 ||     7
    Use: Scroll            |       |       |    14 ||    14
 Armour: Scale mail        |    38 |    30 |    67 ||   135
         Plate armour      |       |       |    21 ||    21
  Dodge: Dodged            |    41 |    26 |    69 ||   136
  Block: Buckler           |    16 |    15 |    57 ||    88

Levels and vault maps discovered:
D:1:      lightli_arrival_windingriver, layout_basic, serial_glass,
          glass_columns_a, glass_columns_b, glass_columns_b, glass_columns_b,
          glass_columns_a, glass_columns_b, glass_columns_a, glass_columns_a,
          glass_columns_b, glass_columns_b, glass_columns_c, glass_columns_a,
          glass_columns_c, glass_columns_a, chequers_mini_garden,
          chequers_serial_rivers_micro_d, kennysheep_minor_cross
D:2:      layout_rooms, serial_shops, nicolae_shop_bloodbath_and_beyond,
          basic_altar
D:3:      layout_rooms, nicolae_wu_jian_glorious_leap, okawaru_metal_pillars_3,
          shapermc_ecumenical_altar_petra, uniq_sigmund
D:4:      layout_rooms, nemelex_diamond_rough_becter,
          minmay_temple_entry_from_below_b, serial_shops, nicolae_diamond_shop,
          uniq_ijyb
D:5:      layout_rooms, nicolae_hepliaklqana_hippocampus,
          grunt_temple_overflow_cloverleaf, serial_shops, shop, enter_ossuary_5,
          nicolae_shop_sticking_my_neck_out
D:6:      layout_gridville, nicolae_ru_sacrificial_ziggurat,
          mainiacjoe_overflow_boulevard, xom_teletrap_fun, uniq_eustachio,
          uniq_menkaure, uniq_grinder
D:7:      layout_gridville, serial_shops, shop, enter_bailey_2,
          uniq_prince_ribbit1

Notes
Turn   | Place    | Note
-------+----------+-------------------------------------------
     0 | D:1      | Sanktem7 the Minotaur Fighter began the quest for the Orb.
     0 | D:1      | Reached XP level 1. HP: 19/19 MP: 0/0
     0 | D:1      | magus.rc [v1.9.6]
   120 | D:1      | Identified a +2 robe of the Archmagi
   181 | D:1      | Reached XP level 2. HP: 27/27 MP: 1/1
   285 | D:1      | Reached skill level 3 in Axes
   624 | D:1      | You add the spells Ozocubu's Armour and Ozocubu's
                  | Refrigeration to your library.
   937 | D:2      | Reached skill level 4 in Fighting
   940 | D:2      | Reached XP level 3. HP: 33/33 MP: 2/2
   941 | D:2      | Reached skill level 4 in Shields
   943 | D:2      | Reached skill level 4 in Armour
  1114 | D:2      | Found a stormy altar of Qazlal.
  1331 | D:2      | Found Izeklido's Weapon Shoppe.
  1541 | D:3      | Reached XP level 4. HP: 40/40 MP: 3/3
  1570 | D:3      | Found an iron altar of Okawaru.
  1575 | D:3      | Noticed Sigmund
  1585 | D:3      | Killed Sigmund
  1586 | D:3      | Reached skill level 4 in Axes
  1586 | D:3      | Reached XP level 5. HP: 32/47 MP: 4/4
  1600 | D:3      | Became a worshipper of Warmaster Okawaru
  1827 | D:3      | Found a faded altar of an unknown god.
  1982 | D:3      | Found an ornate altar of the Wu Jian Council.
  2126 | D:4      | Reached skill level 5 in Axes
  2126 | D:4      | Reached XP level 6. HP: 47/55 MP: 5/5
  2247 | D:4      | Noticed Ijyb
  2256 | D:4      | Killed Ijyb
  2257 | D:4      | Reached skill level 5 in Armour
  2257 | D:4      | Reached skill level 5 in Shields
  2330 | D:4      | Reached skill level 5 in Fighting
  2447 | D:4      | Found Qekhloup's Antique Weapon Boutique.
  2508 | D:4      | Reached * piety under Okawaru
  2591 | D:4      | Found a staircase to the Ecumenical Temple.
  2618 | D:4      | Reached skill level 6 in Axes
  2703 | D:4      | Found a sparkling altar of Nemelex Xobeh.
  2783 | D:5      | Entered Level 5 of the Dungeon
  2789 | D:5      | Reached XP level 7. HP: 48/61 MP: 6/6
  2830 | D:5      | Found a sand-covered staircase.
  2835 | Ossuary  | Entered an ossuary
  3100 | Ossuary  | Reached ** piety under Okawaru
  3108 | Ossuary  | Reached skill level 7 in Axes
  3260 | Ossuary  | Reached skill level 6 in Armour
  3260 | Ossuary  | Reached skill level 6 in Shields
  3300 | D:5      | Reached skill level 6 in Fighting
  3461 | D:5      | Found a hazy altar of Hepliaklqana.
  3548 | D:5      | Reached XP level 8. HP: 27/70 MP: 7/7
  3723 | D:5      | Found a basalt altar of Yredelemnul.
  3726 | D:5      | Found a white marble altar of Elyvilon.
  3770 | D:5      | Found Haprot's Antique Armour Shoppe.
  3940 | D:5      | Found a shimmering blue altar of Sif Muna.
  3960 | D:5      | Found a burning altar of Makhleb.
  4091 | D:5      | Found Ypnidiz's Neck Hole.
  4119 | D:6      | Noticed Menkaure
  4125 | D:6      | Killed Menkaure
  4126 | D:6      | Reached skill level 8 in Axes
  4172 | D:6      | Noticed Grinder
  4190 | D:6      | Killed Grinder
  4536 | D:6      | Noticed Eustachio
  4549 | D:6      | Killed Eustachio
  4550 | D:6      | Reached skill level 7 in Fighting
  4550 | D:6      | Reached skill level 7 in Armour
  4550 | D:6      | Reached skill level 7 in Shields
  4661 | D:6      | Reached skill level 9 in Axes
  4692 | D:6      | Found a shimmering altar of Xom.
  4733 | D:6      | Found a blossoming altar of Fedhas.
  4806 | D:6      | Found a sacrificial altar of Ru.
  4858 | D:6      | Reached *** piety under Okawaru
  5026 | D:6      | Identified a scroll of acquirement
  5026 | D:6      | Acquired 809 gold pieces
  5130 | D:2      | Bought the +4 consecrated labrys {holy, Valiant Fragile Fly
                  | SInv} for 453 gold pieces
  5130 | D:2      | Found the +4 consecrated labrys {holy, Valiant Fragile Fly
                  | SInv}
  5204 | D:5      | Bought an amulet of reflection for 420 gold pieces
  5204 | D:5      | Bought a +0 cloak for 63 gold pieces
  5228 | D:7      | Noticed Prince Ribbit
  5233 | D:7      | Reached XP level 9. HP: 47/79 MP: 8/8
  5235 | D:7      | Reached skill level 1 in Throwing
  5235 | D:7      | Reached skill level 1 in Invocations
  5236 | D:7      | HP: 18/79 [gnoll sergeant/+0 trident of flaming (5)]
  5236 | D:7      | HP: 8/79 [iguana (8)]
  5240 | D:6      | Slain by an iguana

Vanquished Creatures
  Grinder (D:6)
  Sigmund (D:3)
  Eustachio (D:6)
  Menkaure (D:6)
  A water moccasin (D:5)
  An ice beast (D:6)
  2 ogres
  A centaur (D:5)
  3 elf zombies (Ossuary)
  3 scorpions (D:4)
  5 killer bees (D:7)
  2 howler monkeys
  3 human zombies (Ossuary)
  A hound (D:5)
  An iguana (D:5)
  Ijyb (D:4)
  A hound zombie (Ossuary)
  3 mummies (Ossuary)
  3 adders
  9 gnolls
  An ufetubus (D:5)
  5 adder zombies (Ossuary)
  2 worms
  4 dart slugs
  3 orcs
  9 ball pythons
  9 endoplasms
  5 giant cockroaches
  2 gnoll zombies (Ossuary)
  8 goblins
  6 hobgoblins
  5 jackals
  4 quokkas
  7 bats
  3 frilled lizards
  4 goblin zombies (Ossuary)
  3 hobgoblin zombies (Ossuary)
  5 jackal zombies (Ossuary)
  9 kobolds
  2 kobold zombies (Ossuary)
  2 quokka zombies (Ossuary)
  4 rats
  A rat zombie (Ossuary)
147 creatures vanquished.

Table legend:
 A = Non-vault XP
 B = Vault XP
 C = Vault XP percentage of total XP
 D = Non-vault monster count
 E = Vault monster count
 F = Vault count percentage of total count
                 A         B        C        D         E       F
            +---------+---------+-------+---------+---------+-------
      Total |    1702 |    1443 |  45.9 |     108 |      39 |  26.5
            +---------+---------+-------+---------+---------+-------
        D:1 |      38 |       0 |   0.0 |      21 |       0 |   0.0
        D:2 |      39 |       0 |   0.0 |      21 |       0 |   0.0
        D:3 |      34 |     214 |  86.3 |      17 |       1 |   5.6
        D:4 |     350 |      35 |   9.1 |      21 |       1 |   4.5
        D:5 |     451 |       0 |   0.0 |      14 |       0 |   0.0
        D:6 |     323 |     643 |  66.6 |       6 |       3 |  33.3
        D:7 |     467 |       0 |   0.0 |       8 |       0 |   0.0
    Ossuary |       0 |     551 | 100.0 |       0 |      34 | 100.0
            +---------+---------+-------+---------+---------+-------

Skill      XL: |  1  2  3  4  5  6  7  8  9 |
---------------+----------------------------+-----
Axes           | 3 4 5 6 7 9 |  9.4
Fighting       | 4 5 6 7 |  7.3
Shields        | 4 5 6 7 |  7.3
Armour         | 4 5 6 7 |  7.3
Throwing       | 1 |  1.1
Invocations    | 1 |  1.1

Action                     |  1- 3 |  4- 6 |  7- 9 || total
---------------------------+-------+-------+-------++-------
  Melee: War axe           |    91 |    70 |   193 ||   354
         Headbutt          |    11 |    15 |    44 ||    70
         Labrys            |       |       |     7 ||     7
    Use: Scroll            |       |       |    14 ||    14
 Armour: Scale mail        |    38 |    30 |    67 ||   135
         Plate armour      |       |       |    21 ||    21
  Dodge: Dodged            |    41 |    26 |    69 ||   136
  Block: Buckler           |    16 |    15 |    57 ||    88

Illustrated notes

Table legend:
 A = Kills in this place as a percentage of kills in the entire game.
 B = Kills by you in this place as a percentage of kills by you in the entire game.
 C = Kills by friends in this place as a percentage of kills by friends in the entire game.
 D = Other kills in this place as a percentage of other kills in the entire game.
 E = Experience gained in this place as a percentage of experience gained in the entire game.
 F = Experience gained in this place divided by the number of levels of this place that you have seen.
                   A       B       C       D       E      F
               +-------+-------+-------+-------+-------+----------------------
         Total | 100.0 | 100.0 |   N/A |   N/A | 100.0 | 393.1
       Dungeon |  76.9 |  76.9 |   N/A |   N/A |  82.5 | 370.6
       Ossuary |  23.1 |  23.1 |   N/A |   N/A |  17.5 | 551.0
               +-------+-------+-------+-------+-------+----------------------

Table legend: (Time is in decaauts)
 A = Elapsed time spent in this place.
 B = Non-inter-level travel time spent in this place.
 C = Inter-level travel time spent in this place.
 D = Time resting spent in this place.
 E = Time spent auto-exploring this place.
 F = Levels seen in this place.
 G = Mean time per level.
                   A        B        C        D        E       F      G
               +--------+--------+--------+--------+--------+-----+--------+
         Total |   5330 |   4962 |    368 |      0 |   4017 |   8 |  666.2 |
       Dungeon |   4862 |   4494 |    368 |      0 |   3745 |   7 |  694.6 |
       Ossuary |    467 |    467 |      0 |      0 |    272 |   1 |  467.0 |
               +--------+--------+--------+--------+--------+-----+--------+

Top non-repeatable levels by time:
     D:1: 951 daAuts
     D:6: 939 daAuts
     D:5: 929 daAuts
     D:3: 754 daAuts
     D:4: 752 daAuts
     D:2: 522 daAuts
 Ossuary: 467 daAuts
     D:7: 11 daAuts
